 Dungeon Crawl Stone Soup version 0.25.1-2-g60ff931df9 (webtiles) character file.

Game seed: 17329822229203219668

25883 Exodus22XD the Party-goer (level 12, -2/91 HPs)
             Began as a Demonspawn Gladiator on Nov 8, 2020.
             Was a Follower of Uskayaw.
             Slain by a komodo dragon (20 damage)
             ... on level 4 of the Lair of Beasts.
             The game lasted 00:29:00 (16940 turns).

Exodus22XD the Party-goer (Demonspawn Gladiator)   Turns: 16940, Time: 00:29:00

Health: -2/91      AC:  9    Str: 25    XL:     12   Next: 93%
Magic:  0/20       EV: 16    Int: 10    God:    Uskayaw [*.....]
Gold:   1117       SH:  0    Dex: 17    Spells: 11/11 levels left

rFire    . . .     SeeInvis .   a - +0 trident
rCold    . . .     Gourm    .   (no shield)
rNeg     . . .     Faith    .   s - +0 troll leather armour
rPois    .         Spirit   +   c - +0 helmet
rElec    .         Reflect  .   (no cloak)
rCorr    .         Harm     .   U - +0 pair of gloves (curse)
MR       +....                  y - +0 pair of boots
Stlth    ++++++....             (no amulet)
HPRegen  0.65/turn              W - ring of Zola {+Fly MR+ Stlth+}
MPRegen  0.34/turn              H - +6 ring of strength

@: no status effects
A: talons 1, thin skeletal structure 1, spiny 3, magic shield, magic
regeneration
a: Stomp, Renounce Religion, Evoke Flight


You were on level 4 of the Lair of Beasts.
You worshipped Uskayaw.
Uskayaw was aware of your devotion.
You were very hungry.

You visited 2 branches of the dungeon, and saw 16 of its levels.
You also visited: Sewer.

You collected 1117 gold pieces.

Inventory:

Hand Weapons
 a - a +0 trident (weapon)
Missiles
 d - 4 throwing nets (quivered)
Armour
 c - a +0 helmet (worn)
 s - a +0 troll leather armour (worn)
 y - a +0 pair of boots (worn)
 R - +0 steam dragon scales
 T - a +0 ring mail
 U - a cursed +0 pair of gloves (worn)
Jewellery
 h - an uncursed ring of stealth
 j - an uncursed ring of fire
 H - a +6 ring of strength (right hand)
 J - an uncursed ring of resist corrosion
 W - the ring of Zola (left hand) {+Fly MR+ Stlth+}
   (You found it on level 2 of the Lair of Beasts)

   [ring of stealth]

   It affects your resistance to hostile enchantments.
   It lets you fly.
   It makes you more stealthy.
Wands
 b - a wand of disintegration (6)
 r - a wand of random effects (17)
 x - a wand of acid (15)
 E - a wand of iceblast (20)
 L - a wand of flame (15)
 Q - a wand of polymorph (10)
Scrolls
 e - 11 scrolls of remove curse
 i - 2 scrolls of blinking
 l - 11 scrolls of teleportation
 p - 4 scrolls of fog
 q - 4 scrolls of magic mapping
 v - 2 scrolls of fear
 w - 4 scrolls of amnesia
 B - 3 scrolls of enchant armour {unknown}
 C - 2 scrolls of immolation {unknown}
 D - 4 scrolls of enchant weapon {unknown}
 I - a scroll of torment {unknown}
 K - a scroll of brand weapon {unknown}
 M - 3 scrolls of noise {unknown}
 O - a scroll of holy word {unknown}
 S - a scroll of identify
Potions
 g - 4 potions of flight
 m - 6 potions of stabbing
 n - 2 potions of cancellation {unknown}
 o - 6 potions of haste
 t - 5 potions of might
 u - 3 potions of magic {unknown}
 z - 3 potions of curing
 A - 4 potions of mutation
 F - a potion of lignification {unknown}
 G - a potion of brilliance {unknown}
 N - a potion of berserk rage {unknown}
 P - a potion of invisibility {unknown}
 V - a potion of heal wounds
Comestibles
 f - 32 rations


   Skills:
 + Level 7.5 Fighting
 + Level 11.1 Polearms
 - Level 1.7 Throwing
 + Level 6.8 Armour
 + Level 6.2 Dodging
 + Level 10.9 Stealth
 * Level 11.8 Invocations


You had 11 spell levels left.
You didn't know any spells.
Your spell library contained the following spells:

 Spells                   Type           Power        Failure   Level  Hunger
 Apportation              Tloc           #.....       38%         1    ##.....
 Corona                   Hex            #......      38%         1    ##.....
 Freeze                   Ice            #...         38%         1    ##.....
 Sting                    Tmut/Pois      #...         38%         1    ##.....
 Summon Butterflies       Summ           #.......     38%         1    ##.....
 Poisonous Vapours        Pois/Air       #.....       54%         2    ###....
 Slow                     Hex            #.......     54%         2    ###....
 Frozen Ramparts          Ice            #.....       77%         3    ####...
 Ignite Poison            Fire/Tmut/Pois #.......     77%         3    ####...
 Inner Flame              Hex/Fire       #.......     77%         3    ####...
 Lesser Beckoning         Tloc           #.........   77%         3    ####...
 Mephitic Cloud           Conj/Pois/Air  #.......     77%         3    ####...
 Ozocubu's Armour         Chrm/Ice       #.......     77%         3    ####...
 Portal Projectile        Hex/Tloc       #.....       77%         3    ####...
 Tukima's Dance           Hex            #.......     77%         3    ####...
 Cause Fear               Hex            #.........   99%         4    #####..
 Hailstorm                Conj/Ice       #.......     99%         4    #####..
 Leda's Liquefaction      Hex/Erth       #.........   99%         4    #####..
 Olgreb's Toxic Radiance  Pois           #.......     99%         4    #####..
 Summon Ice Beast         Ice/Summ       #.......     99%         4    #####..
 Alistair's Intoxication  Tmut/Pois      #.......     100%        5    ######.
 Invisibility             Hex            #.......     100%        6    #######


Dungeon Overview and Level Annotations

Branches:
Dungeon (12/15)            Temple (0/1) D:7            Lair (4/6) D:10
  Swamp (0/4) Lair:4        Sewer (visited)
  Snake: Lair:2-4    Spider: Lair:2-4       Orc: D:9-12

Altars:
Ashenzari
Dithmenos
Gozag
Hepliaklqana
Kikubaaqudgha
Makhleb
Qazlal
Ru
Trog
Uskayaw
Xom
Zin
The Shining One

Shops:
D:6 (   D:8 :   D:10 (

Portals:
Trove: D:10 (show slimy rune of Zot)

Annotations:
D:6 Prince Ribbit
D:7 1 runed translucent door
Lair:2 3 runed translucent doors, Haxyobbu's ghost, journeyman MiFi; Runuet's ghost, journeyman MiBe; Xudgha's ghost, journeyman MiFi
Lair:3 exclusion: oklob plant


Innate Abilities, Weirdness & Mutations

You have sharp toenails.
You have a somewhat thin skeletal structure. (Dex +2, Stealth)
You are completely covered in sharp spines.
When hurt, damage is shared between your health and your magic reserves.
You regenerate magic rapidly.


Message History

You feel sick.
Attack whom?
Press: ? - help, Dir - move target cursor, f/p - komodo dragon
Aim: a komodo dragon You reach to attack!
You hit the komodo dragon.
The komodo dragon is lightly wounded.
You feel sick.
Aiming: Line Pass
Press: ? - help, Dir - move target cursor, p - komodo dragon The komodo dragon appears confused.
You are feeling very hungry.
You feel sick. The komodo dragon bites you!!
* * * LOW HITPOINT WARNING * * *
You feel sick.
You feel sick.
The komodo dragon seems less confused.
You can no longer pass through a line of other dancers.
You feel sick.
Okay, then.
You feel better. The komodo dragon bites you!!
You die...

###########
##..#.#.#...
##.)....§§§§.
##...§§§.§§...
#.#..@§§§§.§§. ##
#...l§§§.....
...#P.##...§§§§....
#.........§§§.....
#.##..#....§.§.>...
## #P###..P.#.#.
### ####..## .## .#


You could see a komodo dragon.

Vanquished Creatures
  3 hydras
  2 two-headed ogres
  Nergalle (Lair:1)
  An unseen horror (D:11)
  A swamp dragon (Lair:4)
  3 ugly things (D:11)
  2 cyclopes
  5 spiny frogs
  5 komodo dragons
  A troll (D:12)
  A hornet (D:10)
  3 hippogriffs
  10 blink frogs (Lair:2)
  Sigmund (D:2)
  34 yaks
  A vampire (D:10)
  5 basilisks
  A steam dragon (D:10)
  3 wargs (D:10)
  6 water moccasins
  5 porcupines
  4 black bears
  An ice beast (D:9)
  2 orc warriors
  A phantom (D:10)
  2 sky beasts
  4 ogres
  6 wolves (Lair:1)
  2 centaurs
  9 crocodiles
  11 bullfrogs
  2 scorpions (D:5)
  A wyvern skeleton (D:8)
  11 killer bees (D:11)
  An electric eel (Lair:1)
  3 howler monkeys
  4 crimson imps
  A bullfrog zombie (D:5)
  4 hounds
  6 jellies
  11 orc priests
  3 bullfrog skeletons
  3 centaur skeletons
  5 iguanas
  Ijyb (D:3)
  10 worker ants
  9 orc wizards
  Terence (D:3)
  Robin (D:3)
  A worker ant zombie (D:7)
  12 adders
  4 shadow imps
  An ooze (D:4)
  An adder zombie (D:8)
  2 worms
  A dart slug (D:4)
  3 leopard geckos
  40 orcs
  12 bats
  14 giant cockroaches
  19 goblins
  8 hobgoblins
  14 jackals
  5 quokkas
  12 ball pythons
  10 frilled lizards
  12 kobolds
  A leopard gecko skeleton (D:4)
  2 quokka skeletons
  5 rats
  4 butterflies (D:7)
  A fungus (Lair:3)
  3 plants (Sewer)
400 creatures vanquished.

Vanquished Creatures (others)
  A crocodile (Lair:4)
  2 fungi (Lair:3)
3 creatures vanquished.

Grand Total: 403 creatures vanquished

Notes
Turn   | Place    | Note
-------+----------+-------------------------------------------
     0 | D:1      | Exodus22XD the Demonspawn Gladiator began the quest for the
                  | Orb.
     0 | D:1      | Reached XP level 1. HP: 16/16 MP: 1/1
   233 | D:1      | Gained mutation: You have sharp toenails. [demonic
                  | ancestry]
   233 | D:1      | Reached XP level 2. HP: 9/22 MP: 2/2
   798 | D:1      | Gained mutation: You are partially covered in sharp spines.
                  | [demonic ancestry]
   798 | D:1      | Reached XP level 3. HP: 27/27 MP: 3/3
  1166 | D:2      | Found a glowing golden altar of the Shining One.
  1308 | D:2      | Reached skill level 1 in Armour
  1495 | D:2      | Found a shattered altar of Ashenzari.
  1569 | D:2      | Gained mutation: You have a somewhat thin skeletal
                  | structure. (Dex +2, Stealth) [demonic ancestry]
  1569 | D:2      | Reached XP level 4. HP: 33/34 MP: 4/4
  1577 | D:2      | Noticed Sigmund
  1587 | D:2      | Killed Sigmund
  1587 | D:2      | Reached XP level 5. HP: 18/39 MP: 5/5
  1772 | D:2      | Found a shimmering altar of Xom.
  1955 | D:2      | Found a stormy altar of Qazlal.
  2247 | D:3      | Reached skill level 1 in Stealth
  2301 | D:3      | Reached XP level 6. HP: 46/46 MP: 6/6
  2303 | D:3      | Noticed Terence
  2304 | D:3      | Found a glowing drain.
  2311 | D:3      | Killed Terence
  2350 | Sewer    | Entered a sewer
  3198 | D:3      | Noticed Ijyb
  3429 | D:3      | Killed Ijyb
  3936 | D:3      | Noticed Robin
  3953 | D:3      | Killed Robin
  4050 | D:4      | Reached skill level 5 in Polearms
  4086 | D:4      | Gained mutation: You are mostly covered in sharp spines.
                  | [demonic ancestry]
  4086 | D:4      | Reached XP level 7. HP: 39/52 MP: 7/7
  4299 | D:4      | Found a hazy altar of Hepliaklqana.
  4299 | D:4      | Found a sacrificial altar of Ru.
  4300 | D:4      | Found a hide-covered altar of Uskayaw.
  4307 | D:4      | Became a worshipper of Uskayaw the Reveler
  4560 | D:4      | Reached * piety under Uskayaw
  4565 | D:4      | Reached ** piety under Uskayaw
  4839 | D:5      | Entered Level 5 of the Dungeon
  4980 | D:5      | Reached skill level 1 in Invocations
  5507 | D:5      | Found an ancient bone altar of Kikubaaqudgha.
  5616 | D:5      | Reached *** piety under Uskayaw
  6019 | D:6      | Gained mutation: When hurt, damage is shared between your
                  | health and your magic reserves. [demonic ancestry]
  6019 | D:6      | Reached XP level 8. HP: 57/58 MP: 9/9
  6204 | D:6      | Noticed Prince Ribbit
  6602 | D:6      | Reached **** piety under Uskayaw
  6829 | D:6      | Found Rid Noax's Weapon Boutique.
  6908 | D:6      | Found a burning altar of Makhleb.
  7496 | D:7      | Found a runed translucent door.
  7499 | D:7      | Found a runed translucent door.
  7550 | D:7      | Found a staircase to the Ecumenical Temple.
  7793 | D:7      | Gained mutation: You regenerate magic rapidly. [demonic
                  | ancestry]
  7793 | D:7      | Reached XP level 9. HP: 66/66 MP: 12/12
  7800 | D:7      | Found an opulent altar of Gozag.
  7972 | D:7      | Found a bloodstained altar of Trog.
  7984 | D:7      | Reached skill level 5 in Invocations
  8291 | D:8      | Found Soxedafe's Book Boutique.
  8440 | D:8      | Found a shadowy altar of Dithmenos.
  8630 | D:8      | Found a glowing silver altar of Zin.
  8631 | D:8      | Noticed an angel
  9206 | D:9      | Noticed a five-headed hydra
  9276 | D:9      | Noticed a two-headed ogre
  9289 | D:9      | Killed a two-headed ogre
  9289 | D:9      | Reached skill level 5 in Stealth
  9782 | D:9      | Reached skill level 5 in Fighting
  9782 | D:9      | Reached XP level 10. HP: 39/74 MP: 7/15
  9806 | D:9      | Killed a five-headed hydra
  9806 | D:9      | Reached skill level 5 in Armour
 10308 | D:10     | Entered Level 10 of the Dungeon
 10308 | D:10     | Found Joaratec's Weapon Boutique.
 10322 | D:10     | Found a staircase to the Lair.
 10346 | D:10     | Reached skill level 5 in Dodging
 10349 | D:10     | Reached ***** piety under Uskayaw
 10366 | D:10     | Reached ****** piety under Uskayaw
 10367 | D:10     | Paralysed by a hornet for 1 turns
 10878 | D:10     | Found a portal to a secret trove of treasure.
 11149 | D:11     | Noticed a cyclops
 11164 | D:11     | Killed a cyclops
 11377 | D:11     | Noticed a red ugly thing
 11377 | D:11     | Noticed a brown ugly thing
 11389 | D:11     | Gained mutation: You are completely covered in sharp
                  | spines. [demonic ancestry]
 11389 | D:11     | Reached XP level 11. HP: 46/81 MP: 10/17
 11400 | D:11     | Killed a purple ugly thing
 11400 | D:11     | Killed a purple ugly thing
 11687 | D:11     | Noticed a five-headed hydra
 11718 | D:11     | Killed a five-headed hydra
 12106 | D:11     | Killed an unseen horror
 12404 | D:11     | Noticed a cyan ugly thing
 12417 | D:11     | Killed a cyan ugly thing
 13392 | D:12     | Noticed a two-headed ogre
 13413 | D:12     | Killed a two-headed ogre
 13413 | D:12     | Reached skill level 10 in Polearms
 13413 | D:12     | Reached skill level 10 in Invocations
 13580 | D:12     | Noticed a skeletal warrior
 13581 | D:12     | Noticed a death knight
 13582 | D:12     | Noticed a phantasmal warrior
 13595 | D:12     | HP: 3/83 [phantasmal warrior[a death knight] (26)]
 13729 | Lair:1   | Entered Level 1 of the Lair of Beasts
 14306 | Lair:1   | Noticed Nergalle
 14317 | Lair:1   | Killed Nergalle
 14319 | Lair:1   | Reached XP level 12. HP: 15/89 MP: 3/19
 15113 | Lair:2   | Reached skill level 10 in Stealth
 15332 | Lair:2   | Got a translucent bronze ring
 15348 | Lair:2   | Found a runed translucent gate.
 15348 | Lair:2   | Found a runed translucent gate.
 15348 | Lair:2   | Found a runed translucent gate.
 15355 | Lair:2   | Noticed Xudgha's ghost (journeyman MiFi)
 15355 | Lair:2   | Noticed Haxyobbu's ghost (journeyman MiFi)
 15355 | Lair:2   | Noticed Runuet's ghost (journeyman MiBe)
 16623 | Lair:3   | Noticed an eight-headed hydra
 16638 | Lair:3   | Killed an eight-headed hydra
 16836 | Lair:3   | Identified the ring of Zola {+Fly MR+ Stlth+} (You found it
                  | on level 2 of the Lair of Beasts)
 16922 | Lair:4   | Found a staircase to the Swamp.
 16940 | Lair:4   | Slain by a komodo dragon

Illustrated notes

Levels and vault maps discovered:
D:1:      nzn_arrival_depleted_hourglass, layout_loops_ring
D:2:      layout_basic, marbit_many_paths, nicolae_tso_carved_into_rock,
          ashenzari_conservatory_becter, grunt_qazlal_sundering, uniq_sigmund
D:3:      layout_rooms, first_ration, gup_sewer_entry_glass,
          minmay_snake_closets, uniq_ijyb, uniq_terence, uniq_robin
D:4:      layout_gridville, gammafunk_temple_overflow_forgotten
D:5:      layout_gridville, basic_altar
D:6:      layout_loops_ring, makhleb_heckhound_becter, serial_shops,
          nicolae_shop_behind_doors, uniq_prince_ribbit1
D:7:      lemuel_insect_pit, layout_gridville, grunt_gozag_statues,
          minmay_temple_entry_purple_smoke, basic_altar, grunt_ministairs_10
D:8:      layout_basic, overflow_temple_1_default, zin_angel, serial_shops,
          nicolae_shop_crystal
D:9:      layout_roguey
D:10:     layout_cross, erik_lair_orcish_takeover, enter_trove_2, serial_shops,
          nicolae_shop_statue_plus
D:11:     layout_gridville
D:12:     layout_grid_maze, hiddenorc1_lemuel, uniq_josephine
Lair:1:   layout_cave_pods, chequers_serial_rivers_large_b,
          infiniplex_staircase_pool, uniq_nergalle
Lair:2:   beast_lair_carwin_large_2, layout_hall_layers,
          gammafunk_ghost_cemetery
Lair:3:   layout_long_grid, grunt_megastairs_4, lemuel_fruit_tree,
          serial_bayou_shore_b
Lair:4:   layout_roguey, minmay_swamp_entry_reptiles,
          minmay_snake_entry_six_corridors

Skill      XL: |  1  2  3  4  5  6  7  8  9 10 11 12 |
---------------+-------------------------------------+-----
Dodging        | 3 4 5 6 |  6.2
Polearms       | 3 4 5 6 8 9 10 11 | 11.1
Armour         | 1 2 3 4 5 6 |  6.8
Stealth        | 1 2 4 6 7 9 10 | 10.9
Fighting       | 3 4 5 6 7 |  7.5
Invocations    | 2 4 6 8 10 11 | 11.8
Throwing       | |  1.7

Action                   |  1- 3 |  4- 6 |  7- 9 | 10-12 || total
-------------------------+-------+-------+-------+-------++-------
Melee: Trident           |   116 |   233 |   379 |   545 ||  1273
       Kick              |    14 |    69 |       |       ||    83
Invok: Stomp             |       |       |     1 |     8 ||     9
       Line Pass         |       |       |       |    10 ||    10
Evoke: Wand              |       |       |       |     6 ||     6
  Use: Potion            |       |     2 |     1 |     4 ||     7
       Scroll            |       |       |    11 |     7 ||    18
 Stab: Sleeping          |     1 |     8 |    15 |    40 ||    64
       Distracted        |       |     2 |     3 |     2 ||     7
       Paralysed         |       |       |    24 |    57 ||    81
       Confused          |       |       |       |     3 ||     3
  Eat: Chunk             |     2 |     9 |    18 |    26 ||    55
Armor: Leather armour    |    22 |     1 |       |       ||    23
       Ring mail         |       |    36 |    65 |    55 ||   156
       Troll leather arm |       |       |       |    52 ||    52
Dodge: Dodged            |    73 |    76 |   187 |   249 ||   585
